 Dungeon Crawl Stone Soup version 0.23.2-33-g5129a83184 (webtiles) character file.

Game seed: 6043710717957889785

1608 psyvane the Basher (level 8, -10/99 HPs)
             Began as a Minotaur Berserker on June 26, 2019.
             Was an Elder of Trog.
             Killed from afar by a manticore (15 damage)
             ... with a volley of spikes
             ... on level 7 of the Dungeon on June 27, 2019.
             The game lasted 00:41:56 (5617 turns).

psyvane the Basher (Minotaur Berserker)             Turns: 5617, Time: 00:41:57

Health: -10/99     AC: 24    Str: 21    XL:     8   Next: 63%
Magic:  7/7        EV:  2    Int:  4    God:    Trog [****..]
Gold:   255        SH:  0    Dex: 13    Spells: 7/7 levels left

rFire    . . .     SeeInvis .   o - +0 whip (freeze)
rCold    . . .     Gourm    .   (no shield)
rNeg     + + +     Faith    .   (armour currently unavailable)
rPois    +         Spirit   .   (helmet currently unavailable)
rElec    .         Reflect  .   (cloak currently unavailable)
rCorr    .         Harm     .   (gloves currently unavailable)
MR       ++...     NoTele   +   (boots currently unavailable)
Stlth    ++........             (no amulet)
HPRegen  1.26/turn              (no ring)
MPRegen  0.10/turn              (no ring)

@: tree-form, barbed spikes, berserk cooldown, regenerating, slowed, very slow
A: (retaliatory headbutt)
a: Berserk, Trog's Hand, Brothers in Arms, Renounce Religion


You were on level 7 of the Dungeon.
You worshipped Trog.
Trog was greatly pleased with you.
You were not hungry.
You were a tree.
You visited 2 branches of the dungeon, and saw 8 of its levels.

You collected 255 gold pieces.

Inventory:

Hand Weapons
 a - a +0 mace
 d - the +8 shortbow "Gaany" {velocity, Dex+3, unknown}
   (You found it on level 5 of the Dungeon)

   Any arrow fired from it inflicts extra damage.
   It affects your dexterity (+3).
 l - a +1 dagger of speed
 o - a +0 whip of freezing (weapon)
 t - a +1 trident of piercing
 A - a +0 flail
Missiles
 v - 5 tomahawks (quivered)
Armour
 n - a +0 pair of gloves (melded)
 p - a +0 pair of boots (melded)
 s - a +0 chain mail (melded)
Wands
 j - a wand of iceblast (6)
 w - a wand of flame (14)
 x - a wand of acid (6)
Scrolls
 b - a scroll of fear
 q - a scroll of identify
 u - 3 scrolls of teleportation
Potions
 e - a potion of flight
 f - a potion of might
 g - a potion of cancellation {unknown}
 h - a potion of invisibility {unknown}
 i - a potion of brilliance
 m - a potion of degeneration
 r - a potion of berserk rage
Comestibles
 c - 12 rations
 z - a chunk of flesh


   Skills:
 * Level 4.2 Fighting
 - Level 12.5 Maces & Flails
 * Level 3.4 Armour
 * Level 2.5 Dodging
 - Level 1.0 Stealth


You had 7 spell levels left.
You didn't know any spells.
Your spell library was empty.

Dungeon Overview and Level Annotations

Branches:
Dungeon (7/15)             Temple (1/1) D:4

Altars:
Ashenzari
Cheibriados
Dithmenos
Fedhas
Gozag
Hepliaklqana
Kikubaaqudgha
Makhleb
Nemelex Xobeh
Okawaru
Qazlal
Ru
Sif Muna
Uskayaw
Vehumet
Wu Jian
Xom
Zin
The Shining One


Innate Abilities, Weirdness & Mutations

((You reflexively headbutt those who attack you in melee.))
((You have a pair of horns on your head.))


Message History

The volley of spikes hits you!
The barbed spikes become lodged in your body.
* * * LOW HITPOINT WARNING * * *
As you read the scroll of teleportation, it crumbles to dust.
You feel strangely unstable.
The manticore flicks its tail.
The volley of spikes hits you!
The barbed spikes become lodged in your body.
* * * LOW HITPOINT WARNING * * *
It was a potion of lignification.
You turn into a tree.
Your +0 pair of gloves melds into your body.
Your +0 pair of boots melds into your body.
Your +0 chain mail melds into your body.
Your roots penetrate the ground.
You feel strangely stable.
The manticore flicks its tail.
The volley of spikes hits you but does no damage.
The manticore flicks its tail.
The volley of spikes hits you!
The barbed spikes become lodged in your body.
You die...

###########...
.............
............
...........
........ #.....
..... ###H..#
..... #.....#
....[###.##♣.#
.....#..##.##
#......##..#
#...... ##.#
#...###..#
+..))##..#
###..#..)..###.
#...##.........#
#+#...#.......####


You could see a manticore.

Vanquished Creatures
  An orc warrior (D:6)
  An ogre (D:5)
  2 phantoms (D:6)
  4 centaurs
  A wyvern zombie (D:6)
  A scorpion (D:7)
  A howler monkey (D:6)
  A crimson imp (D:4)
  A centaur zombie (D:5)
  3 hounds
  An orc priest (D:6)
  A bullfrog skeleton (D:5)
  A gnoll shaman (D:7)
  5 orc wizards
  8 worker ants
  A worker ant zombie (D:6)
  6 adders
  3 gnolls (D:7)
  A white imp (D:4)
  An ooze (D:1)
  2 adder skeletons (D:5)
  2 worms
  5 dart slugs
  2 leopard geckos
  22 orcs
  5 bats
  2 giant cockroaches
  7 hobgoblins
  8 jackals
  8 quokkas
  4 frilled lizards
  8 goblins
  5 kobolds
  9 rats
133 creatures vanquished.

Notes
Turn   | Place    | Note
-------+----------+-------------------------------------------
     0 | D:1      | psyvane the Minotaur Berserker began the quest for the Orb.
     0 | D:1      | Reached XP level 1. HP: 19/19 MP: 0/0
   131 | D:1      | Reached skill level 4 in Maces & Flails
   167 | D:1      | Reached XP level 2. HP: 23/27 MP: 1/1
   624 | D:2      | Reached skill level 5 in Maces & Flails
   624 | D:2      | Reached XP level 3. HP: 26/33 MP: 2/2
   743 | D:2      | Found an opulent altar of Gozag.
   764 | D:2      | Reached ** piety under Trog
  1667 | D:3      | Reached XP level 4. HP: 40/40 MP: 3/3
  1830 | D:3      | Reached skill level 6 in Maces & Flails
  1899 | D:3      | Found a blossoming altar of Fedhas.
  2825 | D:4      | Found a staircase to the Ecumenical Temple.
  2890 | Temple   | Entered the Ecumenical Temple
  3085 | D:4      | Reached skill level 7 in Maces & Flails
  3085 | D:4      | Reached XP level 5. HP: 36/46 MP: 4/4
  3507 | D:5      | Entered Level 5 of the Dungeon
  3507 | D:5      | Noticed a centaur
  3523 | D:5      | Reached XP level 6. HP: 36/52 MP: 5/5
  3527 | D:5      | Reached skill level 8 in Maces & Flails
  3561 | D:5      | Reached *** piety under Trog
  3568 | D:5      | Reached skill level 1 in Stealth
  3589 | D:5      | Got a steaming shortbow
  3882 | D:5      | Reached skill level 9 in Maces & Flails
  4054 | D:5      | Reached XP level 7. HP: 58/58 MP: 6/6
  4070 | D:5      | Found a sacrificial altar of Ru.
  4075 | D:5      | Found a radiant altar of Vehumet.
  4082 | D:5      | Found a deep blue altar of Sif Muna.
  4087 | D:5      | Found a hide-covered altar of Uskayaw.
  4100 | D:5      | Found an ornate altar of the Wu Jian Council.
  4109 | D:5      | Found a shimmering altar of Xom.
  4118 | D:5      | Found a glowing golden altar of the Shining One.
  4320 | D:5      | Found a burning altar of Makhleb.
  4322 | D:5      | Found a shadowy altar of Dithmenos.
  4323 | D:5      | Found a stormy altar of Qazlal.
  4386 | D:5      | Reached skill level 10 in Maces & Flails
  4571 | D:6      | Reached skill level 11 in Maces & Flails
  4656 | D:6      | Reached XP level 8. HP: 21/66 MP: 7/7
  5069 | D:6      | Reached skill level 12 in Maces & Flails
  5284 | D:6      | Reached **** piety under Trog
  5609 | D:7      | Noticed a manticore
  5616 | D:7      | HP: 2/66 [manticore/volley of spikes (13)]
  5617 | D:7      | Killed from afar by a manticore

Skill      XL: |  1  2  3  4  5  6  7  8 |
---------------+-------------------------+-----
Maces & Flails | 4 5 7 9 11 12 | 12.5
Stealth        | 1 |  1.0
Fighting       | 4 |  4.2
Armour         | 3 |  3.4
Dodging        | |  2.5

Action                   |  1- 3 |  4- 6 |  7- 9 || total
-------------------------+-------+-------+-------++-------
Melee: Mace              |    92 |   145 |    29 ||   266
       Headbutt          |    16 |    25 |    31 ||    72
       Whip              |       |       |   136 ||   136
Invok: Berserk           |       |     1 |     4 ||     5
       Trog's Hand       |       |       |     2 ||     2
  Use: Scroll            |     2 |     4 |     2 ||     8
       Potion            |       |     7 |     1 ||     8
 Stab: Distracted        |     1 |       |       ||     1
  Eat: Chunk             |     2 |     9 |     6 ||    17
       Ration            |       |       |     1 ||     1
Armor: Animal skin       |    16 |     5 |       ||    21
       Chain mail        |       |    91 |    58 ||   149
       Skin              |       |       |     1 ||     1
Dodge: Dodged            |    55 |    82 |    39 ||   176
